Map: Ruins of Seras

Players

BeRad

  • Race: Protoss Protoss
  • League: Master

BerryCruncH - Winner!

  • Race: Terran Terran
  • League: Grandmaster

VOD

Have the link to the VOD?

Description

Feel like I got ahead, but im bad.

Time

  • Played on: March 11, 2016, 3:17 a.m.
  • Length: 16:37
Show
View Real Time Build Order
Export as new Build Order

BeRad Protoss 

Build Orders: 1 Gate Expand, Blink Stalkers 

Get SALT Encoding   

  12  0:01  Probe (Chrono Boost)  
  13  0:11  Probe (Chrono Boost)  
  14  0:19  Pylon  
  14  0:23  Probe (Chrono Boost)  
  15  0:37  Probe (Chrono Boost)  
  15  0:40  Gateway  
  16  0:47  Probe (Chrono Boost)  
  16  0:48  Assimilator  
  17  0:58  Probe (Chrono Boost)  
  18  1:08  Probe (Chrono Boost)  
  19  1:19  Probe (Chrono Boost)  
  20  1:27  Nexus  
  20  1:36  Cybernetics Core  
  20  1:39  Probe (Chrono Boost)  
  21  1:49  Probe (Chrono Boost)  
  21  1:50  Assimilator  
  22  1:54  Pylon  
  22  2:00  Probe (Chrono Boost)  
  23  2:13  Mothership Core (Chrono Boost), Adept  
  27  2:22  Warp Gate  
  26  2:31  Probe (Chrono Boost)  
  27  2:41  Probe (Chrono Boost)  
  27  2:42  Probe (Chrono Boost)  
  29  2:51  Pylon  
  29  2:52  Probe (Chrono Boost)  
  29  2:54  Probe (Chrono Boost), Robotics Facility  
  31  3:02  Probe (Chrono Boost)  
  31  3:04  Probe (Chrono Boost)  
  33  3:09  Twilight Council  
  33  3:13  Probe (Chrono Boost)  
  33  3:15  Probe (Chrono Boost)  
  35  3:23  Probe (Chrono Boost)  
  35  3:25  Probe (Chrono Boost)  
  37  3:33  Gateway  
  38  3:34  Probe (Chrono Boost)  
  38  3:36  Gateway, Probe (Chrono Boost)  
  39  3:44  Probe (Chrono Boost)  
  39  3:46  Probe (Chrono Boost)  
  41  3:54  Probe (Chrono Boost)  
  42  3:56  Blink (Chrono Boost)  
  42  3:57  Probe (Chrono Boost)  
  42  3:58  Observer  
  42  4:04  Probe  
  42  4:05  Assimilator x2  
  42  4:07  Pylon  
  42  4:09  Probe  
  44  4:14  Probe  
  45  4:21  Probe  
  46  4:25  Probe  
  46  4:29  Pylon  
  48  4:31  Observer  
  48  4:33  Probe  
  48  4:37  Stalker x3  
  55  4:39  Probe  
  55  4:45  Probe  
  57  4:47  Nexus  
  57  4:49  Probe  
  58  4:57  Probe  
  59  5:00  Probe  
  59  5:02  Stalker x3  
  66  5:08  Pylon  
  66  5:11  Pylon  
  66  5:17  Robotics Bay  
  66  5:19  Probe  
  66  5:20  Probe  
  68  5:29  Probe  
  68  5:31  Stalker x2  
  68  5:32  Probe  
  68  5:34  Stalker  
  76  5:40  Probe  
  77  5:47  Pylon  
  77  5:56  Adept x2  
  81  5:57  Adept  
  81  6:08  Immortal  
  77  6:14  Probe  
  77  6:15  Probe  
  79  6:18  Resonating Glaives (Chrono Boost)  
  79  6:21  Stalker x3, Probe  
  79  6:25  Gateway, Probe  
  86  6:30  Gateway  
  86  6:31  Probe  
  87  6:33  Probe  
  87  6:35  Probe  
  90  6:47  Disruptor (Chrono Boost)  
  90  6:50  Probe  
  90  6:52  Probe  
  95  7:00  Pylon  
  95  7:02  Adept x2  
  95  7:03  Adept  
  95  7:04  Pylon  
  99  7:13  Gateway  
  99  7:14  Gateway  
  99  7:15  Gateway  
  99  7:17  Gateway  
  99  7:18  Pylon  
  99  7:20  Disruptor (Chrono Boost), Assimilator  
  99  7:22  Assimilator  
  102  7:24  Pylon  
  102  7:26  Adept x3  
  102  7:27  Adept  
  110  7:35  Forge  
  110  7:36  Forge  
  110  7:37  Gateway, Pylon  
  110  7:48  Adept  
  110  7:49  Adept x4  
  124  7:51  Immortal (Chrono Boost)  
  124  8:04  Templar Archives  
  124  8:24  Disruptor (Chrono Boost)  
  124  8:25  Stalker x4  
  124  8:26  Stalker  
  130  8:32  Adept x4  
  136  8:41  Pylon  
  136  8:43  Pylon  
  136  8:56  Adept x2  
  140  9:04  Disruptor  
  140  9:09  Stargate  
  141  9:15  Adept x5  
  141  9:16  Adept x3  
  157  9:22  Pylon  
  157  9:23  Pylon  
  157  9:25  Nexus  
  157  9:26  Pylon  
  157  9:28  Pylon  
  153  9:43  Adept x7  
  153  9:44  Adept x2  
  169  10:05  Adept x3  
  169  10:06  Adept x3  
  170  10:21  Disruptor  
  157  10:27  Stalker x6  
  157  10:28  Stalker  
  174  10:37  Probe x3  
  174  10:38  Probe  
  178  10:45  Forge  
  178  10:46  Forge  
  178  10:48  Pylon  
  178  10:50  Pylon  
  178  10:52  Pylon  
  178  10:55  High Templar x6  
  178  10:56  High Templar x3  
  192  11:29  Pylon  
  192  11:30  Psionic Storm  
  192  11:31  Photon Cannon  
  192  11:33  Photon Cannon  
  192  11:35  Photon Cannon  
  192  11:49  Adept x3  
  192  11:50  Adept  
  173  12:44  Pylon  
  173  12:46  Stalker x4, Pylon  
  173  12:48  Pylon  
  173  12:50  Cybernetics Core  
  146  13:28  Gateway  
  134  13:40  Gateway  
  134  13:42  Gateway  
  134  13:43  Gateway  
  134  13:48  Gateway  
  134  13:52  Gateway, Pylon  
  134  13:57  Pylon  
  134  13:59  Pylon  
  134  14:02  Pylon  
  133  14:06  Pylon  
  133  14:07  Pylon  
  125  14:11  Nexus  
  119  14:18  Pylon  
  119  14:23  Pylon  
  64  14:49  Adept  
  64  14:50  Adept x4  
  59  15:28  Stalker x4  
  59  15:29  Stalker x5  
  59  15:30  Stalker  
  63  15:45  Archon  
  45  15:57  Probe x3  
  45  16:07  Probe  
  45  16:08  Probe  
  45  16:10  High Templar x2  
  45  16:11  High Templar x3  
Show
View Real Time Build Order
Export as new Build Order

BerryCruncH Terran - Winner!

Build Orders: Reaper Expand, MMM Bio 

Get SALT Encoding   

  12  0:02  SCV  
  13  0:14  SCV  
  13  0:19  Supply Depot  
  14  0:26  SCV  
  15  0:41  SCV  
  16  0:44  Barracks  
  16  0:49  Refinery  
  16  0:53  SCV  
  17  1:05  SCV  
  18  1:19  SCV  
  19  1:35  Orbital Command, Reaper  
  20  1:46  Command Center  
  20  1:55  Supply Depot  
  20  2:02  SCV  
  20  2:07  Barracks Reactor  
  21  2:14  SCV  
  22  2:24  Barracks  
  22  2:26  SCV  
  23  2:37  Engineering Bay  
  23  2:38  SCV  
  23  2:44  Marine x2  
  26  3:00  SCV  
  26  3:02  Marine x2, Orbital Command  
  29  3:08  Terran Infantry Weapons Level 1  
  29  3:12  SCV  
  29  3:13  Barracks Tech Lab  
  29  3:19  Marine  
  29  3:20  Marine  
  29  3:24  SCV  
  32  3:29  SCV  
  32  3:32  Stimpack, Marine  
  34  3:34  Barracks  
  34  3:36  SCV  
  34  3:38  Marine x2  
  37  3:42  SCV  
  38  3:48  Barracks  
  38  3:51  Marine  
  38  3:52  SCV  
  38  3:54  SCV  
  41  3:56  Marine  
  41  4:04  SCV  
  41  4:06  SCV  
  41  4:09  Supply Depot x2  
  44  4:13  Marine  
  44  4:16  SCV  
  45  4:18  SCV  
  45  4:21  Barracks Tech Lab  
  46  4:25  Barracks Reactor  
  46  4:31  SCV x2  
  48  4:41  Combat Shields  
  48  4:45  Marauder x2, SCV x2  
  54  4:50  Marine x2, Supply Depot x2  
  56  4:53  Refinery  
  56  4:58  SCV x2  
  58  5:01  Supply Depot  
  58  5:04  Marine x2  
  60  5:07  Marauder  
  60  5:11  Marauder, Marine x2, SCV  
  60  5:12  Command Center  
  60  5:13  SCV  
  68  5:24  Marine x2, Supply Depot  
  68  5:27  Factory  
  70  5:30  SCV x2  
  70  5:32  Marauder  
  70  5:33  Marine x2  
  70  5:34  Marine  
  77  5:42  Barracks, SCV  
  78  5:43  Refinery  
  78  5:44  Refinery  
  78  5:46  Supply Depot  
  78  5:47  Marine  
  78  5:48  Concussive Shells  
  75  5:59  Marauder, Marine x2  
  75  6:00  Marauder, Marine  
  75  6:15  Marine  
  75  6:17  Starport, Marine  
  75  6:18  Factory Reactor  
  71  6:21  Marauder  
  73  6:29  Orbital Command  
  72  6:41  Marauder  
  72  6:42  Marine x2  
  72  6:43  Barracks Tech Lab  
  72  6:45  Marine  
  72  6:46  Marauder, Marine, Supply Depot  
  80  6:49  Supply Depot  
  80  6:52  Engineering Bay, Armory  
  80  6:53  SCV x2  
  82  6:57  Terran Infantry Armor Level 1  
  82  7:03  SCV  
  82  7:04  Factory Reactor  
  82  7:07  Medivac  
  83  7:09  Medivac  
  83  7:14  Marauder, Marine x2, Command Center  
  89  7:16  Marine  
  89  7:18  SCV  
  89  7:20  SCV x2  
  93  7:30  Marauder, Missile Turret  
  93  7:31  Marauder, Marine  
  93  7:32  Marine x2  
  93  7:34  Marine  
  93  7:37  Medivac  
  103  7:39  Medivac  
  107  7:44  Marauder  
  107  7:45  SCV x2  
  107  7:49  SCV  
  110  7:52  Refinery  
  110  7:53  Marine x3  
  110  7:54  Marauder x2, Marine  
  110  7:58  Terran Infantry Weapons Level 2  
  118  8:01  SCV  
  119  8:12  Marauder, Marine x2  
  123  8:13  SCV, Medivac  
  123  8:15  Marauder  
  126  8:30  Marauder, Marine x2  
  126  8:31  Marine, Medivac  
  126  8:34  Marauder  
  135  8:40  SCV x2  
  137  8:49  Marauder, Marine x3  
  137  8:50  Marine  
  137  8:51  Refinery x2  
  137  8:52  Widow Mine x2, Terran Infantry Armor Level 2  
  147  8:59  Orbital Command  
  146  9:05  Marauder  
  146  9:09  Barracks  
  148  9:10  Barracks  
  148  9:12  Barracks  
  148  9:14  Marauder  
  148  9:15  Supply Depot  
  148  9:17  Supply Depot  
  150  9:20  Supply Depot  
  150  9:27  Marauder x2, Marine  
  150  9:29  Widow Mine  
  157  9:36  Marauder  
  138  9:39  Marine  
  138  9:41  Marine  
  136  9:45  Marine  
  136  9:48  Marauder  
  136  9:49  Marauder, Orbital Command  
  137  9:54  Widow Mine  
  137  9:57  Widow Mine  
  119  10:07  Marauder  
  119  10:11  Marauder x2  
  119  10:12  Marine x3  
  114  10:15  Medivac x2  
  114  10:18  Orbital Command  
  112  10:23  Widow Mine  
  114  10:29  Marauder  
  114  10:31  SCV  
  114  10:33  Marauder x2  
  117  10:37  Widow Mine  
  117  10:43  Marine x3, SCV  
  117  10:44  SCV x2  
  117  10:49  Medivac  
  125  10:50  Marauder, Medivac  
  125  10:54  Marauder x2  
  125  10:55  SCV  
  125  10:56  Marine  
  135  10:57  Widow Mine  
  135  11:01  Marine  
  138  11:05  Widow Mine, SCV x2  
  138  11:07  SCV  
  142  11:12  Marauder  
  142  11:16  Marauder x2  
  148  11:19  Marine, SCV  
  148  11:20  Marine  
  148  11:22  Medivac x2  
  151  11:25  Marine  
  151  11:26  Widow Mine  
  154  11:33  Marauder  
  154  11:34  Widow Mine  
  154  11:37  Marauder x2  
  154  11:38  Marine  
  163  11:44  Marine x3  
  163  11:46  SCV x2  
  168  11:49  Terran Infantry Weapons Level 3  
  168  11:50  Barracks x2  
  168  11:51  Barracks  
  168  11:52  Medivac x2  
  172  11:54  Marauder, Widow Mine  
  176  12:02  Widow Mine  
  176  12:05  Marauder, Marine x3  
  176  12:06  Marauder, Marine  
  186  12:16  Marauder  
  186  12:23  Widow Mine  
  187  12:41  Supply Depot  
  187  12:43  Supply Depot  
  187  12:57  Marauder  
  187  12:59  Widow Mine  
  187  13:00  Widow Mine  
  187  13:01  Marauder  
  185  13:12  Marauder, Marine x3  
  190  13:18  Marauder  
  179  13:26  Marauder, Marine, Liberator x2  
  180  13:28  Widow Mine  
  180  13:30  Marine  
  180  13:34  Marauder  
  183  13:39  Widow Mine  
  183  13:41  Barracks Reactor, Barracks Tech Lab x2  
  185  13:44  Marauder, Marine x3  
  185  13:46  Command Center  
  185  13:47  Marauder  
  185  13:48  Marine, Command Center  
  197  13:55  Marauder  
  199  14:01  Marine  
  187  14:26  Medivac x2  
  174  14:33  Command Center  
  160  14:39  Marauder  
  160  14:41  Marauder x2  
  160  14:43  Widow Mine  
  160  14:44  Marine, Liberator x2  
  160  14:45  Marauder  
  138  14:46  Marauder, Marine  
  138  14:47  Widow Mine  
  138  14:48  Marine  
  142  14:59  Marine x3  
  142  15:00  Marauder  
  142  15:02  Marauder x2  
  142  15:06  Marauder  
  130  15:07  Marauder  
  130  15:09  Marine  
  113  15:21  Marauder  
  113  15:22  Marine x2  
  113  15:23  Marauder  
  113  15:28  Marauder, Widow Mine  
  109  15:29  Marauder  
  109  15:34  Marine  
  111  15:43  Marauder  
  111  15:45  Marauder, Widow Mine  
  111  15:49  Marauder  
  105  15:50  Marauder  
  105  15:52  Marine  
  105  15:54  SCV  
  109  15:58  Planetary Fortress  
  109  16:00  Missile Turret  
  109  16:08  Marauder  
  114  16:19  SCV x2  
  114  16:20  SCV x2  
  118  16:30  Refinery  
  118  16:32  Refinery  
Tags
 
Add a new tag
Caveats
  • Supply blocks, unpowered buildings, or Contaminate may cause inaccurate times.
  • Supply counts are checked every 10 seconds.